 Dungeon Crawl Stone Soup version 0.32-a0-909-gc671339a80 (webtiles) character file.

Game seed: 10171932028328585550

45 Twinkles the Changeling (level 3, 0/27 HPs)
             Began as a Merfolk Shapeshifter on Apr 6, 2024.
             Slain by a gnoll
             ... wielding a +0 whip
              (2 damage)
             ... on level 2 of the Dungeon.
             The game lasted 00:02:07 (1166 turns).

Twinkles the Changeling (Merfolk Shapeshifter)      Turns: 1166, Time: 00:02:08

Health: 0/27       AC:  2    Str: 16    XL:     3   Next: 64%
Magic:  3/3        EV: 12    Int:  9    God:
Gold:   83         SH:  0    Dex: 13    Spells: 2/2 levels left

rFire   . .          .
                       - Unarmed
rCold   . . .        (no shield)
rNeg    . . .        a - +0 animal skin
rPois   .            (helmet currently unavailable)
rElec   .            (cloak currently unavailable)
rCorr   .            (gloves currently unavailable)
SInv    .            (boots currently unavailable)
Will    .....        (no amulet)
Stlth   ++           (no ring)
HPRegen 0.24/turn    (no ring)
MPRegen 0.08/turn

%: no passive effects
@: beast-form
A: beast (slay +2), (nimble swimmer 2), mertail
a: Begin Untransformation


You were on level 2 of the Dungeon.
You were a hulking beast.
You visited 1 branch of the dungeon, and saw 2 of its levels.

You collected 83 gold pieces.

Inventory:

Armour
 a - a +0 animal skin (worn)
Talismans
 c - a beast talisman (active)
 d - a flux talisman
Scrolls
 b - 2 scrolls of vulnerability {unknown}
 e - a scroll of fog {unknown}
 f - a scroll of acquirement {unknown}
Potions
 g - a potion of curing {unknown}
 h - 2 potions of invisibility {unknown}
 i - a potion of brilliance {unknown}
 P - a potion of lignification


   Skills:
 + Level 1.8 Fighting
 + Level 3.3 Dodging
 + Level 1.4 Stealth
 + Level 3.7 Unarmed Combat
 + Level 4.4 Shapeshifting


You had 2 spell levels left.
You didn't know any spells.
Your spell library was empty.

Dungeon Overview and Level Annotations

Branches:
Dungeon (2/15) Zot: 10838

Altars:


Innate Abilities, Weirdness & Mutations

You are a hulking beast.
Your limbs bulge with bestial killing power. (Slay +2)
((You are very nimble when in or above water. (Stealth+, EV+, Speed+++)))
Your lower body shifts to a powerful aquatic tail in water.


Message History

The adder is almost dead.
You feel sick. The adder closely misses you. The endoplasm barely misses you.
You hit the adder.
You kill the adder!
You feel sick.
You are no longer poisoned.
The endoplasm hits you.
* * * LOW HITPOINT WARNING * * *
You hit the endoplasm.
The endoplasm is severely wounded.
The endoplasm closely misses you.
You punch the endoplasm!
You kill the endoplasm!
Found a stone staircase leading up.
Found a stone staircase leading down.
A gnoll comes into view. It is wielding a +0 whip.
There is a stone staircase leading down here. 2 gnolls come into view.
The gnoll shouts!
The gnoll misses you.
You hit the gnoll.
The gnoll is moderately wounded.
The gnoll hits you from afar with a +0 spear.
The gnoll hits you with a +0 whip!
You are too injured to fight recklessly!
You are too injured to fight recklessly!
You hit the gnoll.
The gnoll is heavily wounded.
The gnoll hits you from afar with a +0 spear.
The gnoll closely misses you.
You hit the gnoll.
The gnoll is almost dead.
The gnoll closely misses you. The gnoll hits you with a +0 whip.
* * * LOW HITPOINT WARNING * * *
You hit the gnoll but do no damage.
The gnoll is almost dead.
The gnoll hits you from afar with a +0 spear.
* * * LOW HITPOINT WARNING * * *
The gnoll hits you with a +0 whip.
You die...

### ## ..# #.#
.######## #.#
....<...#
#.##########.#####
#.>...............
#.##########......
#.# ##..### #h#
#..# ....gg.g#
#..# #########
####


You could see 3 gnolls.

Vanquished Creatures
  An adder (D:2)
  A ribbon worm (D:2)
  A dart slug (D:2)
  3 endoplasms (D:2)
  A giant cockroach (D:2)
  A goblin (D:1)
  4 hobgoblins
  7 jackals (D:1)
  A quokka (D:2)
  3 ball pythons
  A bat (D:1)
  2 frilled lizards
  A kobold (D:2)
  2 rats (D:1)
29 creatures vanquished.

Notes
Turn   | Place    | Note
-------+----------+-------------------------------------------
     0 | D:1      | Twinkles the Merfolk Shapeshifter began the quest for the
                  | Orb.
     0 | D:1      | Reached XP level 1. HP: 15/15 MP: 1/1
   162 | D:1      | HP: 4/15 [hobgoblin (3)]
   249 | D:1      | Reached XP level 2. HP: 21/21 MP: 2/2
   709 | D:2      | Reached skill level 1 in Stealth
   726 | D:2      | Reached XP level 3. HP: 25/27 MP: 3/3
  1049 | D:2      | HP: 7/27 [adder (3)]
  1165 | D:2      | HP: 6/27 [gnoll/+0 whip (4)]
  1166 | D:2      | HP: 2/27 [gnoll/+0 spear (4)]
  1166 | D:2      | Slain by a gnoll

Illustrated notes

Levels and vault maps discovered:
D:1:      amcnicky_arrival_flooded_fountain, layout_basic
D:2:      layout_loops_ring, serial_forest, infiniplex_forest_clump_double,
          infiniplex_forest_straight_4, infiniplex_forest_end_2,
          infiniplex_forest_lined_2, infiniplex_forest_clump_diagonal,
          infiniplex_forest_corner_1, infiniplex_forest_straight_4

Skill      XL: |  1  2 |
---------------+-------+-----
Dodging        | 3 |  3.3
Stealth        | 1 |  1.4
Fighting       | |  1.8
Unarmed Combat | |  3.7
Shapeshifting  | |  4.4

Action                     || total
---------------------------++-------
  Melee: Unarmed           ||    75
   Stab: Sleeping          ||     2
 Armour: Animal skin       ||    38
  Dodge: Dodged            ||    37

Table legend: (Time is in decaauts)
 A = Elapsed time spent in this place.
 B = Non-inter-level travel time spent in this place.
 C = Inter-level travel time spent in this place.
 D = Time resting spent in this place.
 E = Time spent auto-exploring this place.
 F = Levels seen in this place.
 G = Mean time per level.
                   A        B        C        D        E       F      G
               +--------+--------+--------+--------+--------+-----+--------+
         Total |   1160 |   1042 |    118 |      6 |    858 |   2 |  580.0 |
       Dungeon |   1160 |   1042 |    118 |      6 |    858 |   2 |  580.0 |
               +--------+--------+--------+--------+--------+-----+--------+

Top non-repeatable levels by time:
     D:1: 667 daAuts
     D:2: 492 daAuts
